 Dungeon Crawl Stone Soup version 0.19.1 (webtiles) character file.

37 HessuHobo the Skirmisher (level 3, 0/29 HPs)
             Began as a Demonspawn Berserker on Dec 26, 2016.
             Was a Follower of Trog.
             Slain by Sigmund
             ... wielding a +0 scythe
              (2 damage)
             ... on level 2 of the Dungeon.
             The game lasted 00:03:48 (1322 turns).

HessuHobo the Skirmisher (Demonspawn Berserker)     Turns: 1322, Time: 00:03:48

Health: 0/29       AC: 10    Str: 18    XL:     3   Next: 23%
Magic:  12/12      EV:  6    Int:  8    God:    Trog [*.....]
Gold:   12         SH:  0    Dex: 12    Spells: 0 memorised, 2 levels left

rFire  + . .     SeeInvis .       - Unarmed
rCold  + . .     Gourm    .     g - +0 plate armour
rNeg   . . .     Faith    .     (no shield)
rPois  +         Spirit   .     (helmet restricted)
rElec  +         Reflect  .     (no cloak)
rCorr  +         Harm     .     (no gloves)
MR     .....                    (no boots)
Stlth  ..........               (no amulet)
                                (no ring)
                                c - ring of magical power

@: lethally poisoned (0 -> -9), exhausted, resistant, slowed, very slow
A: horns 2
a: Berserk, Burn Spellbooks, Renounce Religion


You were on level 2 of the Dungeon.
You worshipped Trog.
Trog was aware of your devotion.
You were hungry.

You visited 1 branch of the dungeon, and saw 2 of its levels.

You collected 12 gold pieces.

Inventory:

Armour
 a - a +0 animal skin
 g - a +0 plate armour (worn)
Jewellery
 c - a ring of magical power (left hand)
Scrolls
 f - a scroll of immolation {unknown}
 h - a scroll of blinking {unknown}
 j - a scroll of enchant armour {unknown}
 k - a scroll of teleportation {unknown}
 l - a scroll of identify
Potions
 m - 2 potions of ambrosia {unknown}
Comestibles
 b - 2 bread rations
 d - 3 meat rations
 i - a chunk of flesh


   Skills:
 + Level 3.6 Fighting
 + Level 2.1 Armour
 + Level 1.9 Dodging
 + Level 3.1 Unarmed Combat


You had 2 spell levels left.
You didn't know any spells.

Dungeon Overview and Level Annotations

Branches:
Dungeon (2/15)

Altars:

Annotations:
D:2 Sigmund


Innate Abilities, Weirdness & Mutations

You have a pair of horns on your head.


Message History

You feel sick. The adder bites you but does no damage.
As you read the scroll labeled HYUSIGUBRI, it crumbles to dust.
You feel aware of your surroundings.
It was a scroll of magic mapping.
* * * LOW HITPOINT WARNING * * *
You feel sick. The adder bites you but does no damage.
Something hits you but does no damage.
* * * LOW HITPOINT WARNING * * *
You feel sick. The adder bites you but does no damage.
The adder barely misses you. The adder bites you.
* * * LOW HITPOINT WARNING * * *
You are more poisoned.
The adder poisons you!
* * * LOW HITPOINT WARNING * * *
You feel sick. The adder closely misses you.
Something hits you but does no damage.
You feel protected.
* * * LOW HITPOINT WARNING * * *
You feel sick. The adder bites you but does no damage.
The adder barely misses you. Something hits you.
You die...

#............###.# *,*
#.###............# *,* #.*
#.###........# *,* #.*
#.#.....<.(..# *,, #.*
#.#..#'#####.# **, #.*
#.#..#.......# *, #.*
#.#..#######.# ** ..*
#.#..* #.# * #####.#..*
#@# * ....#.#,,* #S## *
(.)...#,,* #S{## *
###......########..######*
,.........#.....(†.......*
###......###.....†......#*
#......# #$....(..≈≈..#
########*#..!....≈..≈.#*
*#≈...≈≈..≈%.≈≈≈**


You could see 2 adders.

Vanquished Creatures
  2 dart slugs (D:1)
  A ball python (D:1)
  2 giant cockroaches
  3 goblins
  4 hobgoblins (D:1)
  5 kobolds
  6 bats
  5 frilled lizards
  4 rats
32 creatures vanquished.

Notes
Turn   | Place    | Note
-------+----------+-------------------------------------------
     0 | D:1      | HessuHobo the Demonspawn Berserker began the quest for the Orb.
     0 | D:1      | Reached XP level 1. HP: 18/18 MP: 1/1
   427 | D:1      | Gained mutation: You have a pair of small horns on your head. [demonic ancestry]
   427 | D:1      | Reached XP level 2. HP: 21/24 MP: 2/2
  1260 | D:2      | Gained mutation: You have a pair of horns on your head. [demonic ancestry]
  1260 | D:2      | Reached XP level 3. HP: 28/29 MP: 3/3
  1305 | D:2      | Noticed Sigmund
  1322 | D:2      | Slain by Sigmund

Skill      XL: |  1  2 |
---------------+-------+-----
Armour         | 2 |  2.1
Unarmed Combat | 3 |  3.1
Fighting       | |  3.6
Dodging        | |  1.9

Action                   || total
-------------------------++-------
Melee: Unarmed           ||   100
       Headbutt          ||    17
       Punch             ||     2
Invok: Berserk           ||     2
  Use: Scroll            ||     2
       Potion            ||     1
  Eat: Chunk             ||     2
Armor: Plate armour      ||    81
       Animal skin       ||     1
Dodge: Dodged            ||    63
